[Event "MARCEL 1st Div Ch-League 2019"]
[Site "Dhaka"]
[Date "2019.11.13"]
[Round "2.11"]
[White "Apollosana Mangang, Rajkumar"]
[Black "Bhuiyan, Golam Mostafa"]
[Result "1-0"]
[ECO "B49"]
[WhiteElo "2078"]
[BlackElo "2060"]
[Annotator "NA"]
[PlyCount "55"]
[EventDate "2019.11.12"]
[EventCountry "BAN"]
[SourceTitle "playchess.com"]
[Source "ChessBase"]
[SourceQuality "1"]
[TimeControl "5400+30"]

1. e4 c5 2. Nf3 Nc6 3. d4 cxd4 4. Nxd4 Qc7 5. Nc3 e6 $1 6. Be2 a6 7. O-O Nf6 8. Be3 Bb4 9. Nxc6 bxc6 10. Na4 Be7 11. Qd4 Rb8 12. c4 c5 13. Qd3 ({Not} 13. Nxc5 $2 e5 $19) 13... Bb7 14. Nc3 Bc6 15. b3 d6 16. Bf4 Nd7 $14 17. Qg3 g5 18. Bd2 h5 19. f4 g4 20. Bd3 Bf6 21. e5 dxe5 22. f5 h4 23. Qxg4 Ke7 24. Be4 Rhf8 25. Rad1 Rbc8 26. Bh6 Rh8 27. fxe6 fxe6 28. Rxf6 1-0

[Event "MARCEL 1st Div Ch-League 2019"]
[Site "Dhaka"]
[Date "2019.11.13"]
[Round "2.12"]
[White "Islam, Mohammad Aminul"]
[Black "Hasan Md, Emam"]
[Result "1/2-1/2"]
[ECO "A29"]
[WhiteElo "2078"]
[BlackElo "2046"]
[Annotator "NA"]
[PlyCount "95"]
[EventDate "2019.11.12"]
[EventCountry "BAN"]
[SourceTitle "playchess.com"]
[Source "ChessBase"]
[SourceQuality "1"]
[TimeControl "5400+30"]

1. c4 Nf6 2. Nc3 e5 3. g3 Nc6 4. Bg2 g6 5. Nf3 Bg7 6. O-O O-O 7. d3 h6 8. Bd2 Re8 9. Rb1 d6 10. b4 Nd4 11. e3 Nc6 12. b5 Ne7 13. e4 $14 Nd7 14. Be3 Kh7 15. d4 Nb6 16. Qb3 Be6 17. d5 Bc8 18. c5 dxc5 19. Bxc5 f5 20. Rbd1 fxe4 21. Nxe4 Nf5 22. a4 Nd6 23. Nxd6 cxd6 24. Bb4 Qf6 25. Nd2 Bf5 26. Ne4 Bxe4 27. Bxe4 Nd7 28. Qa3 Bf8 29. h4 Kg7 30. Rd3 Nc5 31. Rf3 Qe7 32. Bxc5 dxc5 33. Qd3 Qd6 34. h5 gxh5 35. Rf5 Be7 36. Rxh5 Rf8 37. Kg2 Bg5 38. Rfh1 Qf6 39. f3 Rac8 40. Qc4 b6 41. Kf2 Rcd8 42. Kg2 Rd7 43. Qc2 Rdf7 44. Qe2 Rc8 45. Qc4 Rcf8 46. Qe2 Rc8 47. Qc4 Rcf8 48. Qe2 1/2-1/2

[Event "MARCEL 1st Div Ch-League 2019"]
[Site "Dhaka"]
[Date "2019.11.14"]
[Round "3.1"]
[White "Md Shawkat Ali Sheikh"]
[Black "Suvradeepta, Das"]
[Result "0-1"]
[ECO "B06"]
[WhiteElo "1851"]
[BlackElo "1997"]
[Annotator "NA RC"]
[PlyCount "76"]
[EventDate "2019.11.12"]
[EventCountry "BAN"]
[SourceTitle "playchess.com"]
[Source "ChessBase"]
[SourceQuality "1"]
[TimeControl "5400+30"]

1. e4 g6 2. d4 Bg7 3. Nf3 c6 4. Be2 Nf6 5. e5 Nd5 6. c4 {[%emt 0:06:15] B06: Modern Defence} Nb6 $146 ({Predecessor:} 6... Nc7 7. Nc3 d5 8. exd6 Qxd6 9. O-O Bf5 10. Be3 Nba6 11. a3 O-O 12. Qd2 Rfd8 13. Rad1 Ne6 {0-1 (81) Grgurevic,B (2228)-Tomerlin,S (2313) Sibenik 2009}) 7. Nc3 O-O 8. c5 Nd5 9. Nxd5 cxd5 10. O-O d6 11. cxd6 exd6 12. Bg5 Qd7 13. Qd2 dxe5 14. dxe5 Nc6 15. Bh6 Qe6 16. Bxg7 Kxg7 17. Rfd1 Rd8 18. Qf4 h6 19. h3 Qf5 20. Qxf5 (20. Qg3 $14) 20... Bxf5 21. Bb5 Be4 22. Bxc6 bxc6 23. Ne1 c5 24. Rd2 d4 25. Rc1 Rac8 26. f3 Bf5 27. a3 (27. g4 $11 {remains equal.} Bd7 28. b3) 27... g5 28. g3 ({White should play} 28. g4 $15 Bg6 29. Ng2) 28... Rd5 29. f4 Bxh3 30. Nf3 Kg6 31. b4 $19 cxb4 32. Rxc8 Bxc8 33. axb4 gxf4 34. gxf4 Kf5 35. Rxd4 Rxd4 36. Nxd4+ Kxf4 37. Nc6 a6 38. Kh2 Bb7 0-1

[Event "MARCEL 1st Div Ch-League 2019"]
[Site "Dhaka"]
[Date "2019.11.14"]
[Round "3.2"]
[White "Sarbojit Paul"]
[Black "Moniruzzaman, Masud"]
[Result "1-0"]
[ECO "B01"]
[WhiteElo "2074"]
[BlackElo "1828"]
[Annotator "NA RC"]
[PlyCount "67"]
[EventDate "2019.11.12"]
[EventCountry "BAN"]
[SourceTitle "playchess.com"]
[Source "ChessBase"]
[SourceQuality "1"]
[TimeControl "5400+30"]

1. e4 d5 2. exd5 Qxd5 3. Nc3 Qd6 4. d4 a6 5. h3 Nf6 6. Nf3 Bf5 7. Be3 {[%emt 0:11:06] B01: Scandinavian Defence} (7. Bc4 e6 8. O-O Nc6 9. Re1 Be7 10. Bg5 Rd8 11. Qe2 Nxd4 12. Nxd4 Qxd4 13. Rad1 Qc5 14. Rxd8+ Bxd8 15. Bxf6 Bxf6 {0-1 (61) Deszczynski,A (2348)-Gashimov,V (2608) Warsaw 2005}) 7... Nc6 8. a3 e6 9. g3 $146 ({Predecessor:} 9. Bd3 Bxd3 10. Qxd3 Be7 11. O-O h6 12. b4 {½-½ (12) Knauer,M (1596)-Jacob,K (1690) Schney 2019}) 9... Qd8 (9... O-O-O $11) 10. Bg2 Be7 11. Ne5 Nd5 12. Nxc6 bxc6 13. Bd2 O-O 14. O-O c5 15. g4 Bg6 16. f4 f5 $1 17. Nxd5 exd5 18. c3 cxd4 19. cxd4 Rb8 20. b4 fxg4 21. hxg4 Be4 22. Qe2 Bf6 23. Bc3 Bxg2 24. Qxg2 h6 25. Rae1 a5 {[%emt 0:02:24] [#]} (25... Rb6 $11) 26. g5 $1 hxg5 27. fxg5 Bxg5 28. Rxf8+ Kxf8 29. bxa5 Rb3 (29... Kg8 $11 {keeps the balance.}) 30. Qc2 Rxc3 $4 (30... Rb8 $16) 31. Qxc3 Bf4 32. Qf3 Qh4 {[%emt 0:03:46] [#]} 33. Qxf4+ $3 Qxf4 {[%emt 0:29:06] [#]} 34. Rf1 1-0

[Event "MARCEL 1st Div Ch-League 2019"]
[Site "Dhaka"]
[Date "2019.11.14"]
[Round "3.3"]
[White "Shivshankar Iyer S"]
[Black "Gias Uddin, Ahmed"]
[Result "0-1"]
[ECO "E64"]
[WhiteElo "1573"]
[BlackElo "1900"]
[Annotator "NA RC"]
[PlyCount "84"]
[EventDate "2019.11.12"]
[EventCountry "BAN"]
[SourceTitle "playchess.com"]
[Source "ChessBase"]
[SourceQuality "1"]
[TimeControl "5400+30"]

1. d4 Nf6 2. Nf3 d6 3. g3 g6 4. c4 Bg7 5. Nc3 O-O 6. Bg2 c5 7. d5 e5 8. e4 Ne8 9. O-O f5 {[%emt 0:05:44] E64: King's Indian: Fianchetto: 6...c5 7 d5} (9... Bg4 10. Qd3 Bxf3 11. Qxf3 Nd7 12. Qe2 f5 13. f4 exf4 14. Bxf4 fxe4 15. Nxe4 Qe7 16. Rae1 h6 17. h4 {1-0 (35) Cruz,C (2562)-Munoz Pantoja,M (2511) Riga 2019}) 10. Bg5 Nf6 11. Qd2 Qb6 $146 ({Predecessor:} 11... a6 12. a4 Nbd7 13. exf5 gxf5 14. Nh4 Nb6 15. b3 Bd7 16. Bh6 f4 17. Bxg7 Kxg7 18. gxf4 {0-1 (46) Dikov,A (1976)-Nevzorov,N Tambov 2015}) 12. Nh4 (12. exf5 $16 Bxf5 13. Nh4) 12... f4 ({Black should try} 12... Nxe4 $14 13. Nxe4 (13. Bxe4 fxe4 14. Nxe4 Bh3 $14) 13... fxe4) 13. gxf4 exf4 14. Bxf4 Nh5 15. Be3 (15. Bg5 $18) 15... Bf6 (15... Nd7 $142) 16. Nf3 Na6 17. e5 dxe5 18. Ne4 (18. d6 $18) 18... Bh8 $2 (18... Nf4 $16) 19. Ne1 $2 (19. d6 $18 {and the rest is easy.} Nf6 20. Nxf6+ Bxf6 21. d7) 19... Nf4 20. Bxf4 exf4 {[%emt 0:00:25] [#]} 21. d6 $1 Bd4 {[%emt 0:01:25] [#]} 22. Nf3 (22. Nc2 $1 $16) 22... Be6 ({Black should try} 22... Qxb2 $14 23. Rad1 Qxd2 24. Rxd2 Bd7) 23. Nxd4 cxd4 24. c5 $2 (24. Ng5 $16 Bxc4 25. Rfc1) 24... Qb4 $2 (24... Nxc5 $11 {and Black stays safe.} 25. Qxd4 Nxe4 26. Qxb6 axb6 27. Bxe4 Rxa2) 25. Qxb4 Nxb4 {[%emt 0:00:02] [#]} 26. Ng5 $1 Bd7 27. Bxb7 Rab8 28. Be4 Nc6 29. Bd5+ Kh8 30. Nf7+ Kg7 31. Bxc6 Bxc6 32. Ne5 Bd5 33. Rfe1 Rxb2 34. c6 Rf5 35. Reb1 $4 (35. h4 $18 Rh5 36. f3 Rxh4 37. Nd3 Bxf3 38. Nxb2 Bxc6 39. Rac1 Rh1+ 40. Kf2 Rh2+ 41. Kf1 Bb5+ 42. Nc4) 35... Rg5+ 36. Kf1 Bg2+ 37. Ke1 Rxe5+ 38. Kd1 Bf3+ 39. Kc1 Rxf2 40. Rb7+ {[%emt 0:00:30] [#]} Kh6 $1 41. Re7 Rc5+ (41... Rg5 $142 42. Re1 Rc5+ 43. Kb1 Bg4 44. h4 Bf5+ 45. Re4 Bxe4#) 42. Kb1 Bg4 0-1

[Event "MARCEL 1st Div Ch-League 2019"]
[Site "Dhaka"]
[Date "2019.11.14"]
[Round "3.4"]
[White "Anisuzzaman, Jewel"]
[Black "Ahmed, Sk. Raju"]
[Result "1-0"]
[ECO "A07"]
[WhiteElo "1852"]
[BlackElo "1794"]
[Annotator "NA RC"]
[PlyCount "127"]
[EventDate "2019.11.12"]
[EventCountry "BAN"]
[SourceTitle "playchess.com"]
[Source "ChessBase"]
[SourceQuality "1"]
[TimeControl "5400+30"]

1. Nf3 d5 2. g3 Nd7 3. Bg2 c6 4. O-O g6 5. c4 Bg7 6. d3 {[%emt 0:03:11] A07: Réti Opening: New York and Capablanca Systems} (6. cxd5 cxd5 7. Nc3 Ngf6 8. b3 O-O 9. Bb2 b6 10. Rc1 Bb7 11. d3 a6 12. b4 Rc8 {½-½ (56) Iskandarov,M (2464)-Sumets,A (2569) Konya 2017}) 6... Ngf6 7. Nc3 O-O 8. Bf4 ({White should try} 8. cxd5 $11 Nxd5 9. Bd2) 8... a6 $146 ({Black should play} 8... d4 $15 9. Na4 (9. Nxd4 e5 $17 {[%mdl 64] Double Attack}) 9... Re8) ({Predecessor:} 8... Re8 9. Ne5 d4 10. Na4 Nh5 11. Nxc6 bxc6 12. Bxc6 Nxf4 13. Bxa8 Nh3+ 14. Kh1 Qc7 15. Qb3 {1-0 (43) Truman,R (1958)-Pafura,G (2061) Crawley 2016}) 9. Rc1 dxc4 10. dxc4 Nh5 11. Be3 e5 12. Qc2 f5 13. Rcd1 Qc7 {[%emt 0:01:14] [#]} (13... Qe7 $11) 14. Ng5 $1 Rf6 15. c5 Nf8 16. Na4 h6 17. Nb6 Rb8 18. Nh3 ({White should play} 18. Nf3 $16) 18... Be6 19. f4 (19. f3 $11) 19... e4 $1 20. Rd6 Rd8 21. Rfd1 Re8 22. Nf2 Rf7 23. Bd4 Nf6 24. Be5 Qe7 25. e3 Nd5 26. Nxd5 Bxd5 27. Bxg7 Rxg7 28. Rd2 Rd8 29. Rxd8 Qxd8 30. Nd1 Qa5 31. a3 Ne6 32. Bf1 Qxc5 33. Qxc5 Nxc5 34. Nc3 Nb3 35. Rd1 Be6 36. Rd6 Kf7 37. Rxe6 {[%emt 0:00:18] Remove Defender} Kxe6 38. Bc4+ Kd6 39. Bxb3 b5 40. Kf2 Kc5 {[%emt 0:00:27] [#]} ({Better is} 40... h5 $11) 41. Ne2 ({White should play} 41. g4 $1 $16) 41... b4 (41... Rd7 $11 {remains equal.}) 42. a4 Kd6 (42... Kb6 $16 {is a better defense.}) 43. Bc4 a5 44. Nd4 Re7 45. h4 Kc5 (45... c5 $16 {might work better.} 46. Nb3 Ra7) 46. b3 h5 47. Ke2 ({Better is} 47. Ne6+ $16 Kd6 48. Ng5) 47... Kd6 $1 48. g4 (48. Kf1 $14) 48... hxg4 {[%emt 0:00:23] [#]} ({Much worse is} 48... fxg4 49. f5 $16) (48... c5 $1 $11 {keeps the balance.} 49. Nb5+ Kd7) 49. h5 $1 c5 50. Nb5+ Kc6 51. hxg6 Rg7 52. Be6 c4 53. Bxc4 Rxg6 54. Nd4+ Kc5 55. Nxf5 g3 56. Kf1 g2+ 57. Kg1 Rg4 58. Be6 Rg6 {[%emt 0:00:18] [#]} 59. Bd5 $1 Rg4 60. Bxe4 Rg8 61. Bd3 Rg4 62. Bc4 Kc6 63. Nd4+ $18 (63. Be2 $142 Rxf4 64. exf4 Kd5 65. Bd3 Kc6 66. Kxg2 Kd5 67. Ne3+ Kd4 68. Nc4) 63... Kd7 64. Be6+ {[%emt 0:00:00] Double Attack} 1-0

[Event "MARCEL 1st Div Ch-League 2019"]
[Site "Dhaka"]
[Date "2019.11.14"]
[Round "3.5"]
[White "Hossain, Monir"]
[Black "Shafiqul, Islam"]
[Result "1-0"]
[ECO "E11"]
[WhiteElo "2058"]
[BlackElo "1920"]
[Annotator "NA RC"]
[PlyCount "77"]
[EventDate "2019.11.12"]
[EventCountry "BAN"]
[SourceTitle "playchess.com"]
[Source "ChessBase"]
[SourceQuality "1"]
[TimeControl "5400+30"]

1. d4 e6 2. c4 Nf6 3. Nf3 Bb4+ 4. Bd2 a5 5. Nc3 d5 6. e3 O-O 7. Bd3 {[%emt 0:00:11] E11: Bogo-Indian} (7. Qc2 b6 8. cxd5 exd5 9. a3 Be7 10. Bd3 Re8 11. O-O Bf8 12. e4 dxe4 13. Nxe4 Nbd7 14. Neg5 Bd6 15. Bc4 Re7 16. Nxf7 Rxf7 17. Bxf7+ Kh8 18. Rfe1 Bb7 19. Ng5 Qf8 20. Be6 Bd5 21. Bxd5 {1-0 (21) Bacrot,E (2695)-Van Wely,L (2695) chess.com INT 2017}) 7... b6 8. O-O Bxc3 9. Bxc3 dxc4 $146 ({Predecessor:} 9... Bb7 10. Qe2 Nbd7 11. Rfd1 Qe7 12. Rac1 dxc4 13. Bxc4 {½-½ (28) Moussa,A (2235)-Schleifer,M (2320) Quebec 1997}) 10. Bxc4 Bb7 11. Qe2 Ne4 12. Rfd1 Nxc3 13. bxc3 c6 14. a4 Nd7 15. e4 Qc8 16. Qe3 Ba6 (16... Qc7 $14) 17. Bxa6 ({White should play} 17. Bb3 $16) 17... Qxa6 18. e5 b5 19. Ng5 bxa4 ({Black should try} 19... h6 $14 20. Ne4 Nb6) 20. Qe4 ({Don't take} 20. Rxa4 $6 h6 $14) 20... g6 {[%emt 0:00:15] [#]} 21. Qh4 $1 ({But not} 21. Rxa4 $6 Nb6 $16) 21... h5 22. Ne4 ({But not} 22. Rxa4 $6 Nb6 $14) ({Better is} 22. Re1 $18) 22... Qe2 (22... Ra7 $16) 23. Re1 Qg4 24. Qe7 Rad8 (24... Ra7 {is a better defense.} 25. h3 (25. Rxa4 Rfa8 $16) 25... Qf4) 25. Nd6 Nb6 {[%emt 0:10:30] [#]} 26. Nxf7 $1 Nd5 27. Nh6+ Kh8 {[%emt 0:00:04] [#]} 28. Qxf8+ $1 Rxf8 29. Nxg4 hxg4 30. Rxa4 Nxc3 31. Rxa5 Nb5 32. Re4 Rd8 33. Rxg4 Nxd4 34. h3 Kg7 35. Ra7+ Kh6 36. Rc7 Rd5 $18 37. Rxd4 Rxd4 38. Rxc6 Rd1+ 39. Kh2 1-0

[Event "MARCEL 1st Div Ch-League 2019"]
[Site "Dhaka"]
[Date "2019.11.14"]
[Round "3.8"]
[White "Nayem, Haque"]
[Black "Tanvir, Alam"]
[Result "1-0"]
[ECO "B21"]
[WhiteElo "1875"]
[BlackElo "1895"]
[Annotator "NA RC"]
[PlyCount "107"]
[EventDate "2019.11.12"]
[EventCountry "BAN"]
[SourceTitle "playchess.com"]
[Source "ChessBase"]
[SourceQuality "1"]
[TimeControl "5400+30"]

1. e4 c5 2. d4 cxd4 3. c3 dxc3 4. Nxc3 Nc6 5. Nf3 d6 6. Bc4 Nf6 7. O-O (7. e5 $5 Ng4 8. exd6 $11) 7... g6 {[%emt 0:00:00] [#]} (7... a6 $11 {keeps the balance.}) 8. h3 ({White should play} 8. e5 $1 $16 d5 (8... Nxe5 9. Nxe5) 9. Bb5 (9. exf6 dxc4 10. Qxd8+ Nxd8 $16) (9. Nxd5 Nxd5 10. Bxd5 Bg7 $16)) 8... Bg7 9. Qe2 O-O 10. Rd1 Nd7 11. Be3 Nde5 12. Nxe5 {[%emt 0:00:25] Pin B21: Sicilian: 2 f4 and Morra Gambit} Nxe5 13. Bb3 Bd7 (13... Nc6 14. Rac1 Na5 15. Bc2 Be6 16. Bb1 Nc4 17. Bf4 Qb6 18. b3 {1-0 (40) Masoudi,K (1584)-Will,S (1723) Frankfurt 2018}) 14. Rac1 Bc6 15. Qd2 $146 ({Predecessor:} 15. f4 Nd7 16. Bf2 Qa5 17. Nd5 Rfe8 18. Be1 Qd8 19. Nb4 Qb6+ {0-1 (40) Ruigrok,J-White,S Guernsey 1990}) 15... Kh8 16. Bd4 f6 (16... a6 $15) 17. f4 Nf7 18. Nd5 e6 19. Nc3 Qe7 20. Qf2 b6 21. Be3 ({Better is} 21. f5 $11) 21... Rac8 22. f5 gxf5 23. exf5 e5 (23... exf5 $11 {keeps the balance.} 24. Nd5 Qe8) 24. Be6 Rb8 25. Qd2 Rg8 (25... d5 $16 {was worth a try.} 26. Nxd5 Bxd5 27. Qxd5 (27. Bxd5 Rfd8 $16) 27... Rbd8) 26. Nd5 Bxd5 27. Qxd5 ({Don't do} 27. Bxd5 $6 Rbc8 $16) 27... Rgf8 {[%emt 0:00:00] [#]} 28. Rc6 $1 Nd8 29. Rxd6 Nxe6 30. fxe6 ({Don't take} 30. Qxe6 $6 Qb7 $16) 30... Rbe8 31. Bd2 f5 32. Bc3 Qg5 (32... Rg8 $16 {keeps fighting.} 33. Bxe5 Bxe5 34. Qxe5+ {[%mdl 64] Double Attack} Qg7) 33. Rd7 Bf6 (33... Rg8 $142 34. Rxg7 {[%mdl 64] Remove Defender} (34. Rxa7 Bf6 $16) 34... Rxg7 35. Bxe5 Kg8) 34. Kh1 $2 (34. Rf7 $18 {is more deadly.}) 34... f4 35. Re1 f3 36. Qxf3 Rxe6 37. Qe4 Qh5 38. Rf1 Bg7 39. Rxf8+ Bxf8 40. Rd8 Kg7 41. Rd5 Kf6 42. Rd3 Bc5 43. Rf3+ Kg7 44. Qd5 (44. Qb7+ $18 {is more deadly.} Kh8 45. b4 (45. Qxa7 Qg6 $18)) 44... Re7 $2 (44... Qe8 $16 45. Rg3+ Kh8) 45. b4 Qg5 46. bxc5 bxc5 47. Qxc5 Kg6 48. Qe3 (48. Qd6+ $142 Kg7 49. Bd2 Qh4 {[#]} 50. Bh6+ $1 {[%mdl 576] Deflection} Qxh6 51. Qxe7+ {[%mdl 64] Double Attack} Kg8 52. Qe8+ Kg7 53. Qf8+ Kg6 54. Qf6+ Kh5 55. g4#) 48... Qxe3 49. Rxe3 Kf5 50. Kg1 e4 51. Kf2 h5 52. h4 Re6 53. Rg3 Ra6 54. Rg5+ {[%emt 0:00:08] Double Attack} 1-0

[Event "MARCEL 1st Div Ch-League 2019"]
[Site "Dhaka"]
[Date "2019.11.14"]
[Round "3.10"]
[White "Habibur Rahman, Sohel"]
[Black "Bhuiyan, Golam Mostafa"]
[Result "0-1"]
[ECO "B20"]
[WhiteElo "1841"]
[BlackElo "2060"]
[Annotator "NA RC"]
[PlyCount "74"]
[EventDate "2019.11.12"]
[EventCountry "BAN"]
[SourceTitle "playchess.com"]
[Source "ChessBase"]
[SourceQuality "1"]
[TimeControl "5400+30"]

1. e4 c5 2. Bc4 Nc6 3. a3 Nf6 4. Nc3 e6 5. d3 a6 6. Nge2 {[%emt 0:04:03] B20: Sicilian: Unusual White 2nd moves} (6. Ba2 d5 7. exd5 Nxd5 8. Nxd5 exd5 9. Ne2 Be7 10. Nf4 d4 11. O-O O-O 12. Re1 Bd6 13. Qh5 {½-½ (42) Santos Latasa,J (2523)-Krause,B (2438) Getxo 2017}) 6... Be7 7. O-O b5 8. Ba2 O-O 9. Ng3 Bb7 10. f4 d5 11. Kh1 $146 ({Predecessor:} 11. f5 c4 12. Bg5 Nxe4 13. Bxe7 Nxc3 14. Bxd8 Nxd1 15. Raxd1 Raxd8 16. fxe6 fxe6 17. dxc4 Rxf1+ 18. Nxf1 bxc4 {0-1 (30) Doorn,D (1624)-Glavas,E (1960) ICCF email 2008}) 11... d4 (11... dxe4 $17 12. Ncxe4 Nxe4 13. Nxe4 Nd4) 12. Nce2 Rc8 13. Ng1 e5 (13... Qc7 $11 {remains equal.}) 14. Nf5 Bd6 15. Nh3 (15. fxe5 $16 Nxe5 16. Bg5) 15... exf4 (15... c4 $11) 16. Nxf4 Ne5 17. Nh5 Nxh5 18. Qxh5 c4 ({But not} 18... g6 $2 {[#]} 19. Qh6 $1 $18 ) 19. Bf4 ({Much worse is} 19. Nxd4 $6 g6 $11) (19. Rf4 $16 h6 20. Bd2) 19... f6 20. Nxd4 g6 21. Qh3 Re8 22. Ne2 Kh8 23. Nc3 (23. Rac1 $16) 23... cxd3 24. cxd3 Bxa3 25. Bxe5 Rxe5 26. d4 $2 {[%emt 0:03:07] [#]} (26. Bd5 $1 $15 Bxb2 27. Bxb7 Rxc3 28. Rxa6 Rxd3 29. Ra8 Qxa8 30. Qxd3) 26... Rh5 $1 ({But not} 26... Qxd4 $2 27. Rad1 $18) ({And not} 26... Bxb2 27. dxe5 Rxc3 {[#]} 28. Qh6 $1 $11 ) 27. Qf3 Bxb2 {[%emt 0:00:14] Double Attack} 28. Nd5 Bxd5 29. Bxd5 Bxa1 30. Rxa1 Qd6 31. h3 b4 32. g4 Rh4 33. Rf1 Rc3 34. e5 fxe5 $19 35. Qf7 Rhxh3+ 36. Kg2 Qd8 37. Rf6 Rhd3 0-1

[Event "MARCEL 1st Div Ch-League 2019"]
[Site "Dhaka"]
[Date "2019.11.14"]
[Round "3.11"]
[White "Islam, Mohammad Aminul"]
[Black "Sharmin, Samiha Shimmi"]
[Result "1-0"]
[ECO "D30"]
[WhiteElo "2078"]
[BlackElo "1853"]
[Annotator "NA RC"]
[PlyCount "51"]
[EventDate "2019.11.12"]
[EventCountry "BAN"]
[SourceTitle "playchess.com"]
[Source "ChessBase"]
[SourceQuality "1"]
[TimeControl "5400+30"]

1. Nf3 d5 2. g3 Nf6 3. Bg2 e6 4. d4 c5 5. c4 Nc6 6. cxd5 exd5 7. O-O Bd6 {[%emt 0:00:30] D30: Queen's Gambit Declined: Systems without Nc3} (7... Be7 8. Nc3 O-O 9. h3 Ne4 10. dxc5 Bxc5 11. Bf4 Nxc3 12. bxc3 Bf5 13. Nd2 Re8 14. g4 Bg6 15. e3 Bb6 16. Qb3 Re7 17. Rfd1 Rd7 {½-½ (52) Nakamura,H (2777)-Mamedyarov,S (2801) Saint Louis 2018}) 8. Nc3 Be6 9. Bg5 cxd4 10. Nxd4 h6 11. Bxf6 Qxf6 12. Ndb5 Be5 $146 ({Predecessor:} 12... Rd8 13. Nxd6+ Rxd6 14. Ne4 dxe4 15. Qxd6 Qxb2 16. Bxe4 Nd8 17. Rab1 Qf6 18. Rxb7 Nxb7 19. Bc6+ Bd7 20. Qxd7+ {1-0 (20) Barre,P (1999)-Delalee,P (1480) Fouesnant 2005}) 13. e4 d4 14. Nd5 Qd8 15. f4 a6 16. Na3 Bf6 17. Nc4 O-O 18. Nxf6+ (18. Ncb6 $16) 18... gxf6 19. Nd2 d3 20. f5 Qb6+ 21. Kh1 Bd7 22. Rf4 Qe3 23. Qh5 Kh7 24. Nc4 Qe2 25. Bf3 Qf2 26. Rh4 $18 1-0

[Event "MARCEL 1st Div Ch-League 2019"]
[Site "Dhaka"]
[Date "2019.11.14"]
[Round "3.12"]
[White "Hasan, Mostafa Razibul"]
[Black "Avik, Sarker"]
[Result "0-1"]
[ECO "E05"]
[WhiteElo "1903"]
[BlackElo "1980"]
[Annotator "NA RC"]
[PlyCount "68"]
[EventDate "2019.11.12"]
[EventCountry "BAN"]
[SourceTitle "playchess.com"]
[Source "ChessBase"]
[SourceQuality "1"]
[TimeControl "5400+30"]

1. Nf3 d5 2. d4 Nf6 3. g3 e6 4. Bg2 Be7 5. O-O O-O 6. c4 dxc4 7. Qc2 a6 8. a4 Bd7 9. Ne5 Nc6 10. Nxc6 Bxc6 11. Bxc6 bxc6 12. Qxc4 {[%emt 0:00:30] E05: Open Catalan: 5 Nf3 Be7} (12. Rd1 Rb8 13. Bg5 Nd7 14. Bxe7 Qxe7 15. Na3 Rb4 16. Nxc4 Rfb8 17. Rab1 Qg5 18. Nd2 Qd5 19. b3 Nf6 {1-0 (44) Cifuentes Parada,R (2465)-Martin Duque,J (2345) La Roda 2018}) 12... Qd5 13. Qxd5 cxd5 14. Nc3 c5 $146 ({Predecessor:} 14... Rab8 15. Ra2 Rb3 16. Bg5 Rfb8 17. Nd1 c5 18. dxc5 Bxc5 19. Bf4 R8b7 {0-1 (48) Goric,E (2268)-Titan,M (2226) Hungary 2018}) 15. e3 (15. dxc5 $15 Bxc5 16. Bf4) 15... Rab8 16. dxc5 Bxc5 17. Rd1 Rfc8 18. Kg2 Rb3 19. Rb1 Rcb8 20. Ne2 Ne4 21. Nd4 Bxd4 $1 22. exd4 R8b7 23. Be3 Nd6 24. Kf1 Rxb2 25. Rxb2 Rxb2 26. Rd2 Nc4 27. Rd3 f6 28. h4 a5 29. Bf4 Rb4 30. Ke2 Rxa4 31. Rb3 Rb4 32. Rxb4 axb4 33. Kd3 b3 34. Kc3 $19 b2 0-1

[Event "MARCEL 1st Div Ch-League 2019"]
[Site "Dhaka"]
[Date "2019.11.15"]
[Round "4.1"]
[White "Suvradeepta, Das"]
[Black "Imam, Farhadur"]
[Result "*"]
[ECO "D78"]
[WhiteElo "1997"]
[BlackElo "2033"]
[Annotator "NA RC"]
[PlyCount "24"]
[EventDate "2019.11.12"]
[EventCountry "BAN"]
[SourceTitle "playchess.com"]
[Source "ChessBase"]
[SourceQuality "1"]
[TimeControl "5400+30"]

1. c4 c6 2. g3 d5 3. Bg2 g6 4. Nf3 Bg7 5. O-O Nf6 6. d4 $11 O-O 7. b3 Ne4 8. Bb2 Nd7 9. Nbd2 Nxd2 10. Qxd2 dxc4 11. bxc4 e5 12. d5 cxd5 *

[Event "MARCEL 1st Div Ch-League 2019"]
[Site "Dhaka"]
[Date "2019.11.15"]
[Round "4.2"]
[White "Sambarta Banerjee"]
[Black "Sarbojit Paul"]
[Result "1/2-1/2"]
[ECO "D20"]
[WhiteElo "1957"]
[BlackElo "2074"]
[Annotator "NA"]
[PlyCount "26"]
[EventDate "2019.11.12"]
[EventCountry "BAN"]
[SourceTitle "playchess.com"]
[Source "ChessBase"]
[SourceQuality "1"]
[TimeControl "5400+30"]

1. d4 d5 2. c4 dxc4 3. e3 e5 4. Bxc4 exd4 5. Qxd4 Qxd4 6. exd4 Nc6 7. Ne2 Nf6 8. Nbc3 a6 9. Bf4 b5 10. Bb3 Bd6 11. Bxd6 cxd6 12. O-O Na5 13. Bc2 Bb7 1/2-1/2

[Event "MARCEL 1st Div Ch-League 2019"]
[Site "Dhaka"]
[Date "2019.11.15"]
[Round "4.3"]
[White "Gias Uddin, Ahmed"]
[Black "Suvankar Maity"]
[Result "*"]
[WhiteElo "1900"]
[BlackElo "1795"]
[Annotator "NA RC"]
[PlyCount "19"]
[EventDate "2019.11.12"]
[EventCountry "BAN"]
[SourceTitle "playchess.com"]
[Source "ChessBase"]
[SourceQuality "1"]
[TimeControl "5400+30"]

1. c4 c5 2. Nc3 e6 3. e4 a6 4. Nf3 Qc7 5. g3 Nc6 6. Bg2 g6 (6... Nge7 $11 {remains equal.}) 7. O-O ({White should try} 7. d4 $16) 7... Bg7 8. d3 Nge7 9. Be3 Nd4 10. Nh4 $11 *

[Event "MARCEL 1st Div Ch-League 2019"]
[Site "Dhaka"]
[Date "2019.11.15"]
[Round "4.6"]
[White "Nurul, Islam"]
[Black "S.a.m., Nasir"]
[Result "*"]
[ECO "E90"]
[WhiteElo "1989"]
[BlackElo "2002"]
[Annotator "NA RC"]
[PlyCount "21"]
[EventDate "2019.11.12"]
[EventCountry "BAN"]
[SourceTitle "playchess.com"]
[Source "ChessBase"]
[SourceQuality "1"]
[TimeControl "5400+30"]

1. e4 d6 2. d4 g6 3. c4 Bg7 4. Nf3 Nf6 5. Nc3 O-O 6. Be2 Nbd7 7. h3 c6 8. Be3 Qc7 9. Rc1 e5 10. d5 a5 11. O-O $14 *

[Event "MARCEL 1st Div Ch-League 2019"]
[Site "Dhaka"]
[Date "2019.11.15"]
[Round "4.7"]
[White "Apollosana Mangang, Rajkumar"]
[Black "Bappi, A.b."]
[Result "*"]
[ECO "C87"]
[WhiteElo "2078"]
[BlackElo "1827"]
[Annotator "NA RC"]
[PlyCount "21"]
[EventDate "2019.11.12"]
[EventCountry "BAN"]
[SourceTitle "playchess.com"]
[Source "ChessBase"]
[SourceQuality "1"]
[TimeControl "5400+30"]

1. e4 e5 2. Nf3 Nc6 3. Bb5 Nf6 4. d3 d6 5. c3 Be7 6. O-O O-O 7. Re1 a6 8. Ba4 Bg4 9. h3 Bh5 10. Nbd2 h6 11. Nf1 $14 *